NCAA
TEXAS CHRISTIAN HORNED FROGS @ SOUTH FLORIDA BULLS
04/08/2024
 
TOP OF THE 1ST
Texas Christian Horned Frogs batting - Pitching for South Florida Bulls : RHP José Deleón
Pitching: RHP José Deleón
Batting: LHB José Garza 0-0: Ground out 4-3 (Groundball, 4)
Batting: RHB Anthony Walsh 0-0: Foul Ball, location: 2F
0-1: Foul Ball, location: 2F
0-2: Ball
1-2: Fly out, F7 (Flyball, 7M)
Batting: LHB Miguel Martínez 0-0: Ball
1-0: Ball
2-0: Fly out, F7 (Line Drive, 78M)
Top of the 1st over - 0 run(s), 0 hit(s), 0 error(s), 0 left on base; Texas Christian 0 - South Florida 0
BOTTOM OF THE 1ST
South Florida Bulls batting - Pitching for Texas Christian Horned Frogs : RHP Juan Vigil
Pitching: RHP Juan Vigil
Batting: LHB Bob Bush 0-0: Called Strike
0-1: Swinging Strike
0-2: Ball
1-2: Ball
2-2: Fly out, F7 (Flyball, 78M)
Batting: RHB Leonardo Sinisterra 0-0: Ball
1-0: Called Strike
1-1: Ball
2-1: Ball
3-1: Foul Ball, location: 2F
3-2: Fly out, F9 (Flyball, 9S)
Batting: SHB Tex White 0-0: Called Strike
0-1: Called Strike
0-2: Ground out 6-3 (Groundball, 6MS)
Bottom of the 1st over - 0 run(s), 0 hit(s), 0 error(s), 0 left on base; Texas Christian 0 - South Florida 0
TOP OF THE 2ND
Texas Christian Horned Frogs batting - Pitching for South Florida Bulls : RHP José Deleón
Batting: RHB Greg Carpenter 0-0: Called Strike
0-1: Ball
1-1: Foul Ball, location: 2F
1-2: Ball
2-2: Fly out, F8 (Flyball, 8RS)
Batting: LHB Brenton Carter 0-0: Called Strike
0-1: Ball
1-1: Called Strike
1-2: Ball
2-2: Ball
3-2: Strikes out swinging
Batting: LHB Garrett Cabrera 0-0: SINGLE (Flyball, 4MD)
Batting: RHB Cristo Souza 0-0: Called Strike
0-1: Ball
1-1: Called Strike
1-2: Strikes out swinging
Top of the 2nd over - 0 run(s), 1 hit(s), 0 error(s), 1 left on base; Texas Christian 0 - South Florida 0
BOTTOM OF THE 2ND
South Florida Bulls batting - Pitching for Texas Christian Horned Frogs : RHP Juan Vigil
Batting: RHB Mark Parker 0-0: Swinging Strike
0-1: SINGLE (Line Drive, 89S)
Batting: RHB Jon Krohne 0-0: Fly out, F9 (Flyball, 9M)
Batting: LHB Weston Chaney 0-0: Foul Ball, location: 2F
0-1: Ball
1-1: 2-RUN HOME RUN (Flyball, 8LXD), Distance : 405 ft
Batting: LHB Bob Jacobs 0-0: Ball
1-0: Called Strike
1-1: Foul Ball, location: 2F
1-2: Fly out, F4 (Popup, 3DF)
Batting: RHB Keith Stimson 0-0: Called Strike
0-1: Called Strike
0-2: Strikes out swinging
Bottom of the 2nd over - 2 run(s), 2 hit(s), 0 error(s), 0 left on base; Texas Christian 0 - South Florida 2
TOP OF THE 3RD
Texas Christian Horned Frogs batting - Pitching for South Florida Bulls : RHP José Deleón
Batting: RHB Jorge Romero 0-0: Ball
1-0: Called Strike
1-1: Called Strike
1-2: Foul Ball, location: 2F
1-2: SINGLE (Groundball, 4MD)
Batting: RHB Hank Williams 0-0: Called Strike
0-1: Ball
1-1: Ball
2-1: Ball
3-1: Called Strike
3-2: Foul Ball, location: 2F
3-2: Strikes out looking
Batting: LHB José Garza 0-0: Ball
1-0: Ball
2-0: Foul Ball, location: 2F
2-1: Fly out, F5 (Popup, 5DF)
Batting: RHB Anthony Walsh 0-0: Called Strike
0-1: Ball
1-1: Ball
Jorge Romero steals 2nd base
2-1: Ground out 4-3 (Groundball, 4)
Top of the 3rd over - 0 run(s), 1 hit(s), 0 error(s), 1 left on base; Texas Christian 0 - South Florida 2
BOTTOM OF THE 3RD
South Florida Bulls batting - Pitching for Texas Christian Horned Frogs : RHP Juan Vigil
Batting: RHB Danny Olson 0-0: Called Strike
0-1: Ground out 5-3 (Groundball, 5)
Batting: LHB Bob Bush 0-0: Ball
1-0: Called Strike
1-1: Foul Ball, location: 2F
1-2: Foul Ball, location: 2F
1-2: Strikes out swinging
Batting: RHB Leonardo Sinisterra 0-0: Ball
1-0: Called Strike
1-1: Called Strike
1-2: Strikes out swinging
Bottom of the 3rd over - 0 run(s), 0 hit(s), 0 error(s), 0 left on base; Texas Christian 0 - South Florida 2
TOP OF THE 4TH
Texas Christian Horned Frogs batting - Pitching for South Florida Bulls : RHP José Deleón
Batting: LHB Miguel Martínez 0-0: Swinging Strike
0-1: Ball
1-1: Ball
2-1: SINGLE (Groundball, 4MD)
Batting: RHB Greg Carpenter 0-0: Ball
1-0: Called Strike
1-1: Swinging Strike
1-2: Ball
2-2: Strikes out swinging
Batting: LHB Brenton Carter 0-0: Ball
1-0: Called Strike
1-1: Called Strike
1-2: SINGLE (Flyball, 6MD)
Miguel Martínez to second
Batting: LHB Garrett Cabrera 0-0: Ball
Reached via error on a dropped throw, E6
Miguel Martínez to third
Brenton Carter to second
Batting: RHB Cristo Souza 0-0: Ball
1-0: Called Strike
1-1: Fly out, F4 (Popup, 4D)
Batting: RHB Jorge Romero 0-0: Ball
1-0: Ball
2-0: Ball
3-0: Called Strike
3-1: Called Strike
3-2: Strikes out swinging
Top of the 4th over - 0 run(s), 2 hit(s), 1 error(s), 3 left on base; Texas Christian 0 - South Florida 2
BOTTOM OF THE 4TH
South Florida Bulls batting - Pitching for Texas Christian Horned Frogs : RHP Juan Vigil
Batting: SHB Tex White 0-0: Ball
1-0: Ball
2-0: Ball
3-0: Called Strike
3-1: Foul Ball, location: 2F
3-2: Base on Balls
Batting: RHB Mark Parker 0-0: Ball
1-0: Foul Ball, location: 2F
1-1: Ball
2-1: Ball
3-1: Swinging Strike
3-2: SINGLE (Line Drive, 7LS)
Tex White to second
Batting: RHB Jon Krohne 0-0: Ball
1-0: Called Strike
1-1: Ball
2-1: Swinging Strike
2-2: Ball
3-2: Fly out, F5 (Line Drive, 5)
Batting: LHB Weston Chaney 0-0: Swinging Strike
0-1: Ball
1-1: Foul Ball, location: 2F
1-2: Ball
2-2: Ball
3-2: Base on Balls
Tex White to third
Mark Parker to second
Batting: LHB Bob Jacobs 0-0: Ball
1-0: Foul Ball, location: 2F
1-1: Foul Ball, location: 2F
1-2: Fly out, F7 (Flyball, 78M)
Runner from 3rd tags up, SCORES, throw made
Batting: RHB Keith Stimson 0-0: Ball
1-0: Ball
2-0: Called Strike
2-1: Ball
3-1: Swinging Strike
3-2: Base on Balls
Mark Parker to third
Weston Chaney to second
Batting: RHB Danny Olson 0-0: Ball
1-0: SINGLE (Flyball, 8LS)
Mark Parker scores
Weston Chaney to third
Keith Stimson to second
Runner from 3rd tries for Home, SAFE, throw made home
Keith Stimson to third
Danny Olson to second
Batting: LHB Bob Bush 0-0: Called Strike
0-1: Ball
1-1: Foul Ball, location: 2F
1-2: Ball
2-2: Foul Ball, location: 2F
2-2: Ground out 4-3 (Groundball, 4)
Bottom of the 4th over - 3 run(s), 2 hit(s), 0 error(s), 2 left on base; Texas Christian 0 - South Florida 5
TOP OF THE 5TH
Texas Christian Horned Frogs batting - Pitching for South Florida Bulls : RHP José Deleón
Batting: RHB Hank Williams 0-0: Called Strike
0-1: Fly out, F8 (Flyball, 8RM)
Batting: LHB José Garza 0-0: Called Strike
0-1: Ball
1-1: Foul Ball, location: 2F
1-2: Strikes out looking
Batting: RHB Anthony Walsh 0-0: Ball
1-0: Foul Ball, location: 2F
1-1: Foul Ball, location: 2F
1-2: Strikes out swinging
Top of the 5th over - 0 run(s), 0 hit(s), 0 error(s), 0 left on base; Texas Christian 0 - South Florida 5
BOTTOM OF THE 5TH
South Florida Bulls batting - Pitching for Texas Christian Horned Frogs : RHP Juan Vigil
Pitching: LHP Ralph Slater
Batting: RHB Leonardo Sinisterra 0-0: Ground out 1-3 (Groundball, 15)
Batting: SHB Tex White 0-0: Called Strike
0-1: Foul Ball, location: 2F
0-2: Ball
1-2: Ball
2-2: Strikes out swinging
Batting: RHB Mark Parker 0-0: Called Strike
0-1: Ball
1-1: Called Strike
1-2: Ball
2-2: Strikes out looking
Bottom of the 5th over - 0 run(s), 0 hit(s), 0 error(s), 0 left on base; Texas Christian 0 - South Florida 5
TOP OF THE 6TH
Texas Christian Horned Frogs batting - Pitching for South Florida Bulls : RHP José Deleón
Batting: LHB Miguel Martínez 0-0: Ball
1-0: Swinging Strike
1-1: Foul Ball, location: 2F
1-2: Ball
2-2: Strikes out swinging
Pitching: RHP Dong-hua Mei
Batting: RHB Greg Carpenter 0-0: Ball
1-0: Ground out 5-3 (Groundball, 56)
Batting: LHB Brenton Carter 0-0: Ball
1-0: Called Strike
1-1: Swinging Strike
1-2: Ball
2-2: Foul Ball, location: 2F
2-2: Ball
3-2: Base on Balls
Batting: LHB Garrett Cabrera 0-0: Ball
1-0: Foul Ball, location: 2F
1-1: SINGLE (Line Drive, 9S)
Brenton Carter to second
Batting: RHB Cristo Souza 0-0: Ball
1-0: Swinging Strike
1-1: Called Strike
1-2: Fly out, F4 (Popup, 34D)
Top of the 6th over - 0 run(s), 1 hit(s), 0 error(s), 2 left on base; Texas Christian 0 - South Florida 5
BOTTOM OF THE 6TH
South Florida Bulls batting - Pitching for Texas Christian Horned Frogs : LHP Ralph Slater
Batting: RHB Jon Krohne 0-0: Called Strike
0-1: Called Strike
0-2: Foul Ball, location: 2F
0-2: Ball
1-2: Strikes out swinging
Batting: LHB Weston Chaney 0-0: Called Strike
0-1: SOLO HOME RUN (Line Drive, 9D), Distance : 348 ft
Batting: LHB Bob Jacobs 0-0: Called Strike
0-1: SINGLE (Groundball, 4M)
Batting: RHB Keith Stimson 0-0: Ball
Bob Jacobs steals 2nd base
1-0: Ground out 6-3 (Groundball, 6S)
Bob Jacobs to third
Batting: RHB Danny Olson 0-0: Ball
1-0: Called Strike
1-1: SINGLE (Flyball, 78S)
Bob Jacobs scores
Batting: LHB Bob Bush 0-0: Fly out, F2 (Popup, 2RF)
Bottom of the 6th over - 2 run(s), 3 hit(s), 0 error(s), 1 left on base; Texas Christian 0 - South Florida 7
TOP OF THE 7TH
Texas Christian Horned Frogs batting - Pitching for South Florida Bulls : RHP Dong-hua Mei
Batting: RHB Jorge Romero 0-0: Fly out, F8 (Flyball, 8LS)
Batting: RHB Hank Williams 0-0: Ball
1-0: Ball
2-0: Ground out 6-3 (Groundball, 6)
Batting: LHB José Garza 0-0: Ball
1-0: Ball
2-0: Ball
3-0: Called Strike
3-1: Foul Ball, location: 2F
3-2: Strikes out looking
Top of the 7th over - 0 run(s), 0 hit(s), 0 error(s), 0 left on base; Texas Christian 0 - South Florida 7
BOTTOM OF THE 7TH
South Florida Bulls batting - Pitching for Texas Christian Horned Frogs : LHP Ralph Slater
Pitching: LHP Jason Reece
Batting: RHB Leonardo Sinisterra 0-0: Foul Ball, location: 2F
0-1: Ball
1-1: Ball
2-1: Ball
3-1: Base on Balls
Batting: SHB Tex White 0-0: Foul Ball, location: 2F
0-1: Ball
1-1: Ball
2-1: Ball
3-1: Base on Balls
Leonardo Sinisterra to second
Batting: RHB Mark Parker 0-0: Ball
1-0: Ball
2-0: Foul Ball, location: 2F
2-1: Ball
3-1: Fly out, F8 (Flyball, 8LM)
Batting: RHB Jon Krohne 0-0: Ball
1-0: Foul Ball, location: 2F
1-1: Foul Ball, location: 2F
1-2: Strikes out looking
Batting: LHB Weston Chaney 0-0: Called Strike
0-1: Ball
1-1: Foul Ball, location: 2F
1-2: Ball
2-2: Ball
3-2: Base on Balls
Leonardo Sinisterra to third
Tex White to second
Batting: LHB Bob Jacobs 0-0: Called Strike
0-1: Called Strike
0-2: Foul Ball, location: 2F
0-2: Strikes out looking
Bottom of the 7th over - 0 run(s), 0 hit(s), 0 error(s), 3 left on base; Texas Christian 0 - South Florida 7
TOP OF THE 8TH
Texas Christian Horned Frogs batting - Pitching for South Florida Bulls : RHP Dong-hua Mei
Now at 1B: Millard Walker
Batting: RHB Anthony Walsh 0-0: Ball
1-0: Ball
2-0: Ball
3-0: Called Strike
3-1: Base on Balls
Batting: LHB Miguel Martínez 0-0: Called Strike
0-1: Fly out, F8 (Flyball, 8LM)
Pitching: RHP Carson Branton
Batting: RHB Greg Carpenter 0-0: Called Strike
0-1: Ball
1-1: SINGLE (Flyball, 7S)
Anthony Walsh to second
Batting: LHB Brenton Carter 0-0: Called Strike
0-1: Grounds into double play, 4-6-3 (Groundball, 34)
Top of the 8th over - 0 run(s), 1 hit(s), 0 error(s), 1 left on base; Texas Christian 0 - South Florida 7
BOTTOM OF THE 8TH
South Florida Bulls batting - Pitching for Texas Christian Horned Frogs : LHP Jason Reece
Batting: RHB Keith Stimson 0-0: SINGLE (Flyball, 9S)
Batting: RHB Danny Olson 0-0: Sac Bunt - play at second, runner OUT! 5-6
Batting: LHB Bob Bush 0-0: Ball
1-0: Grounds out, U3 (Groundball, 3L)
Batting: RHB Leonardo Sinisterra 0-0: Ball
1-0: Ball
2-0: Called Strike
2-1: Ball
3-1: Base on Balls
Batting: SHB Tex White 0-0: Ball
1-0: Swinging Strike
1-1: Ball
2-1: Ball
3-1: Foul Ball, location: 2F
3-2: Base on Balls
Danny Olson to third
Leonardo Sinisterra to second
Batting: RHB Mark Parker 0-0: Ball
1-0: Foul Ball, location: 2F
1-1: Ball
2-1: DOUBLE (Line Drive, 8RD)
Danny Olson scores
Leonardo Sinisterra scores
Tex White to third
Runner from 3rd tries for Home, SAFE, throw made home
Batting: RHB Jon Krohne 0-0: Called Strike
0-1: Ball
1-1: Fly out, F2 (Popup, 2RF)
Bottom of the 8th over - 3 run(s), 2 hit(s), 0 error(s), 1 left on base; Texas Christian 0 - South Florida 10
TOP OF THE 9TH
Texas Christian Horned Frogs batting - Pitching for South Florida Bulls : RHP Carson Branton
Batting: LHB Garrett Cabrera 0-0: Ball
1-0: Ball
2-0: Called Strike
2-1: Called Strike
2-2: Ground out U3 (Groundball, 3S)
Batting: RHB Cristo Souza 0-0: Called Strike
0-1: Swinging Strike
0-2: Ball
1-2: Strikes out swinging
Batting: RHB Jorge Romero 0-0: Foul Ball, location: 2F
0-1: Foul Ball, location: 2F
0-2: Ball
1-2: Strikes out swinging
Top of the 9th over - 0 run(s), 0 hit(s), 0 error(s), 0 left on base; Texas Christian 0 - South Florida 10
This league is powered by Out of the Park Baseball, the baseball management simulation game for PC, Mac and Linux
Saturday, April 9th, 2016 - OOTP Baseball 16.8 Build 38